 Dungeon Crawl Stone Soup version 0.29.1-1-gd02db6906a (webtiles) character file.

Game seed: 4413525990997721489

149 groovy9 the Shooter (level 5, -4/38 HPs)
             Began as a Formicid Hunter on Sept 19, 2022.
             Slain by a river rat (7 damage)
             ... on level 4 of the Dungeon.
             The game lasted 00:06:47 (3129 turns).

groovy9 the Shooter (Formicid Hunter)               Turns: 3129, Time: 00:06:48

Health: -4/38      AC:  3    Str: 16    XL:     5   Next: 57%
Magic:  5/5        EV: 12    Int:  8    God:
Gold:   351        SH:  0    Dex: 19    Spells: 4/4 levels left

rFire   + . .      SeeInvis +   a - +0 shortbow
rCold   + . .      Faith    .   d - orb {mayhem}
rNeg    . . .      Spirit   .   c - +0 leather armour
rPois   +          Reflect  .   (helmet unavailable)
rElec   .          Harm     .   n - scarf {rC+ rF+}
rCorr   .          Rampage  .   (no gloves)
Will    .....                   (no boots)
Stlth   ++........              (no amulet)
HPRegen 0.12/turn               h - ring of poison resistance
MPRegen 0.09/turn               (no ring)

@: no status effects
A: permanent stasis, dig shafts and tunnels, antennae 3, four strong arms
a: Dig, Shaft Self


You were on level 4 of the Dungeon.
You visited 1 branch of the dungeon, and saw 4 of its levels.
You also visited: Sewer.

You collected 351 gold pieces.

Inventory:

Hand Weapons
 a - a +0 shortbow (weapon)
 b - a +3 dagger
Armour
 c - a +0 leather armour (worn)
 d - an orb of mayhem (worn)
 n - a scarf of resistance (worn)
Jewellery
 h - a ring of poison resistance (left hand)
Scrolls
 l - a scroll of immolation
 p - a scroll of fear
 q - a scroll of poison
Potions
 e - a potion of curing
 f - 2 potions of resistance
 g - a potion of flight {unknown}
 i - 3 potions of ambrosia
 j - a potion of lignification {unknown}
 k - a potion of degeneration {unknown}
 m - a potion of might {unknown}
 o - a potion of magic {unknown}


   Skills:
 - Level 2.1 Fighting
 + Level 6.4 Ranged Weapons
 - Level 1.7 Dodging
 - Level 1.2 Stealth


You had 4 spell levels left.
You didn't know any spells.
Your spell library contained the following spells:

 Spells                   Type           Power      Damage    Failure   Level
 Magic Dart               Conj           0%         1d3       47%         1
 Searing Ray              Conj           0%         2d4       63%         2
 Tukima's Dance           Hex            0%         N/A       85%         3
 Fulminant Prism          Conj/Hex       0%         3d6       99%         4
 Passage of Golubria      Tloc           0%         N/A       99%         4
 Yara's Violent Unravell  Hex/Tmut       0%         3d3       100%        5


Dungeon Overview and Level Annotations

Branches:
Dungeon (4/15)              Sewer (visited)
 Temple: D:4-7

Altars:
Kikubaaqudgha
Yredelemnul

Annotations:
D:2 Sigmund


Innate Abilities, Weirdness & Mutations

You cannot be hasted, slowed, berserked, paralysed or teleported.
You can dig through walls and to a lower floor.
You have a pair of large antennae on your head. (SInv)
Your four strong arms can wield two-handed weapons with a shield.


Message History

You shoot an arrow. The arrow hits the river rat.
The river rat is lightly wounded.
The river rat barely misses you.
Fire: a) +0 shortbow
Press: ? - help, Q - select action, (/) - cycle Shift-Dir - straight line, f/p - river rat
Aim: a river rat (lightly wounded, 62% to hit)
You shoot an arrow. The arrow hits the river rat.
The river rat is moderately wounded.
The river rat completely misses you. The river rat bites you.
Fire: a) +0 shortbow
Press: ? - help, Q - select action, (/) - cycle Shift-Dir - straight line, f/p - river rat
Aim: a river rat (moderately wounded, 62% to hit)
You shoot an arrow. The arrow barely misses the river rat.
The river rat bites you.
A rat comes into view.
Fire: a) +0 shortbow
Press: ? - help, Q - select action, (/) - cycle Shift-Dir - straight line, f/p - river rat
Aim: a river rat (moderately wounded, 62% to hit)
You shoot an arrow. The arrow barely misses the river rat.
The river rat bites you!
* * * LOW HITPOINT WARNING * * *
You feel better. The river rat closely misses you.
A rat comes into view.
You enter the shallow water.
Moving in this stuff is going to be slow.
The rat attacks as you move away! The rat bites you but does no damage.
The river rat attacks as you move away! The river rat bites you!
* * * LOW HITPOINT WARNING * * *
There is a gate leading back out of this place here.
The river rat closely misses you.
Welcome back to the Dungeon!
There is a collapsed entrance here.
Fire: a) +0 shortbow
Press: ? - help, Q - select action, (/) - cycle Shift-Dir - straight line, f - river rat
Aim: a river rat (moderately wounded, 62% to hit)
You shoot an arrow. The arrow barely misses the river rat.
The river rat bites you.
* * * LOW HITPOINT WARNING * * *
The river rat bites you!
You die...

.... ....
############ ...#
#@r~~~~#~~~# ..#
######~#†#~#~..#
#~~~~#~#~#~#~..#
#~##~~~~~#~~~~.#
########~#~#~..#
#~~~~~~~~#~~~..#
##~#######~#...##.
#~~~~~~~#††~..##.
#########~~...##.


You could see a river rat.

Vanquished Creatures
  3 adders
  2 river rats
  3 worms
  3 dart slugs
  8 endoplasms
  A giant cockroach (D:1)
  8 goblins
  10 hobgoblins
  7 jackals
  6 kobolds
  2 quokkas
  7 ball pythons
  6 bats
  6 frilled lizards
  4 rats
76 creatures vanquished.

Vanquished Creatures (collateral kills)
  A worm (D:4)
  3 goblins (D:3)
  A kobold (D:2)
5 creatures vanquished.

Grand Total: 81 creatures vanquished

Notes
Turn   | Place    | Note
-------+----------+-------------------------------------------
     0 | D:1      | groovy9 the Formicid Hunter began the quest for the Orb.
     0 | D:1      | Reached XP level 1. HP: 16/16 MP: 1/1
   136 | D:1      | Reached XP level 2. HP: 20/22 MP: 2/2
   307 | D:1      | Found a faded altar of an unknown god.
   344 | D:1      | Reached XP level 3. HP: 26/27 MP: 3/3
   481 | D:1      | Reached skill level 5 in Ranged Weapons
   928 | D:2      | Reached XP level 4. HP: 32/33 MP: 4/4
  1516 | D:2      | Noticed Sigmund
  1770 | D:3      | Found a basalt altar of Yredelemnul.
  2114 | D:3      | Found an ancient bone altar of Kikubaaqudgha.
  2187 | D:3      | Reached skill level 6 in Ranged Weapons
  2187 | D:3      | Reached XP level 5. HP: 30/38 MP: 5/5
  3096 | D:4      | Found a glowing drain.
  3103 | Sewer    | Entered a sewer
  3129 | D:4      | Slain by a river rat

Illustrated notes

Levels and vault maps discovered:
D:1:      elethiomel_arrival_fortress_basement, layout_loops_ring,
          basic_ecumenical_altar
D:2:      layout_basic, minmay_pentomino_q2, uniq_sigmund
D:3:      cheibrodos_greedy_goblins, layout_loops_ring, old_standard_altar,
          yredelemnul_altar_generic
D:4:      layout_layer_cave, kennysheep_mini, mainiacjoe_overflow_brackets,
          tso_altar, lightli_sewer_entry_pipes

Skill      XL: |  1  2  3  4 |
---------------+-------------+-----
Ranged Weapons | 5 6 |  6.4
Fighting       | |  2.1
Dodging        | |  1.7
Stealth        | |  1.2

Action                   |  1- 3 |  4- 6 || total
-------------------------+-------+-------++-------
 Fire: Shortbow          |    90 |   135 ||   225
 Abil: Dig               |     1 |       ||     1
  Use: Scroll            |     5 |     1 ||     6
       Potion            |       |     3 ||     3
Armor: Leather armour    |    12 |    10 ||    22
Dodge: Dodged            |    22 |    43 ||    65
